 Dungeon Sprint DCSS version 0.21.1-1-g345015f (webtiles) character file.

63 wilfster70 the Shield-Bearer (level 3, 0/37 HPs)
             Began as a Deep Dwarf Fighter on Mar 2, 2018.
             Was an Initiate of Makhleb.
             Slain by an orc warrior
             ... wielding a +0 scimitar
              (15 damage)
             ... in the Dungeon (Sprint IX: "|||||||||||||||||||||||||||||").
             The game lasted 00:01:22 (136 turns).

wilfster70 the Shield-Bearer (Deep Dwarf Fighter)    Turns: 136, Time: 00:01:23

Health: 0/37       AC: 13    Str: 22    XL:     3   Next: 89%
Magic:  3/3        EV:  8    Int:  8    God:    Makhleb [......]
Gold:   0          SH: 10    Dex: 13    Spells: 2/2 levels left

rFire    . . .     SeeInvis .   a - +3 war axe (venom)
rCold    . . .     Gourm    .   c - +0 shield
rNeg     . . .     Faith    .   r - +1 chain mail
rPois    .         Spirit   .   (no helmet)
rElec    .         Reflect  .   p - +0 cloak
rCorr    .         Harm     .   q - +0 pair of gloves
MR       .....     NoTele   +   (no boots)
Stlth    ..........             (no amulet)
HPRegen  0.00/turn              b - +3 ring of strength
MPRegen  0.08/turn              s - +2 ring of evasion

@: non-regenerating
A: damage resistance, heal wounds, sense surroundings 1, no regeneration
a: Heal Wounds, Renounce Religion


You were in the Dungeon.
You worshipped Makhleb.
Makhleb was noncommittal.
You were not hungry.

You visited 1 branch

Inventory:

Hand Weapons
 a - a +3 war axe of venom (weapon)
Armour
 c - a +0 shield (worn)
 p - a +0 cloak (worn)
 q - a +0 pair of gloves (worn)
 r - a +1 chain mail (worn)
Jewellery
 b - a +3 ring of strength (left hand)
 s - a +2 ring of evasion (right hand)
Wands
 o - a wand of iceblast (10)
Scrolls
 k - 2 scrolls of blinking
 m - 3 scrolls of remove curse
 n - 2 scrolls of amnesia
Potions
 d - a potion of might
 e - 5 potions of curing
 g - 3 potions of heal wounds
 h - a potion of haste
 i - 4 potions of magic
 j - a potion of berserk rage
 l - a potion of invisibility
Comestibles
 f - a ration


   Skills:
 + Level 4.3 Fighting
   Level 4.2 Long Blades
 + Level 0.0 Axes
 + Level 5.3 Armour
 + Level 0.0 Dodging
 + Level 5.3 Shields


You had 2 spell levels left.
You didn't know any spells.

Dungeon Overview and Level Annotations

Branches:
Dungeon (1/1)

Altars:
Cheibriados
Dithmenos
Elyvilon
Fedhas
Gozag
Hepliaklqana
Kikubaaqudgha
Makhleb
Nemelex Xobeh
Okawaru
Qazlal
Ru
Sif Muna
Trog
Uskayaw
Vehumet
Wu Jian
Xom
Yredelemnul
Zin
The Shining One
Beogh
Jiyva
Lugonu


Innate Abilities, Weirdness & Mutations

You are resistant to damage.
You can heal yourself by infusing magical energy.
You passively map a small area around you.
You do not regenerate.


Message History

The orc warrior is moderately wounded.
You block the orc warrior's attack. The orc warrior closely misses you.
You closely miss the orc warrior.
The orc warrior is moderately wounded.
The crimson imp summons a swarm of flies.
The orc warrior hits you with a scimitar.
Your shield and chain mail prevent you from hitting the orc warrior.
The orc warrior is moderately wounded.
The phantom blinks!
You block the orc warrior's attack.
The crimson imp shouts, "Decamp, thou baffled gravel-groveling serf!"
You slash the orc warrior!
The orc warrior is poisoned.
The orc warrior is heavily wounded.
The orc warrior hits you with a scimitar.
You block the orc warrior's attack.
Your chain mail prevents you from hitting the orc warrior.
The orc warrior is severely wounded.
The orc wizard gestures wildly while chanting.
The orc wizard flickers and vanishes!
The orc warrior hits you with a scimitar!
You die...

* ▓.▓ *
▓5▓ * *
▓W▓,* *
* ▓o▓
▓{▓ ,
▓{▓ , ∩
▓o▓ *
▓@▓
▓.▓,
▓[▓,*,*
▓.▓ * *
* ▓.▓
,* ▓)▓
* , ▓|▓
, * ▓.▓
, ▓.▓ *
*


You could see a phantom, an orc warrior, an orc wizard and a crimson imp.

Vanquished Creatures
  A scorpion (D)
  An adder zombie (D)
  2 leopard geckos (D)
  A bat (D)
  A bat skeleton (D)
  A goblin (D)
  2 hobgoblins (D)
  A jackal (D)
10 creatures vanquished.

Notes
Turn   | Place    | Note
-------+----------+-------------------------------------------
     0 | D        | wilfster70 the Deep Dwarf Fighter began the quest for the Orb.
     0 | D        | Reached XP level 1. HP: 20/20 MP: 1/1
    32 | D        | Noticed a scorpion
    34 | D        | Killed a scorpion
    34 | D        | Reached skill level 5 in Armour
    34 | D        | Reached skill level 5 in Shields
    34 | D        | Reached XP level 2. HP: 30/30 MP: 2/2
    34 | D        | Reached XP level 3. HP: 36/36 MP: 3/3
    50 | D        | Found a roughly hewn altar of Beogh.
    50 | D        | Found a snail-covered altar of Cheibriados.
    50 | D        | Found a shadowy altar of Dithmenos.
    50 | D        | Found a white marble altar of Elyvilon.
    50 | D        | Found a blossoming altar of Fedhas.
    50 | D        | Found an opulent altar of Gozag.
    51 | D        | Found a hazy altar of Hepliaklqana.
    52 | D        | Found a viscous altar of Jiyva.
    53 | D        | Found an ancient bone altar of Kikubaaqudgha.
    54 | D        | Found a corrupted altar of Lugonu.
    55 | D        | Found a burning altar of Makhleb.
    56 | D        | Found a sparkling altar of Nemelex Xobeh.
    57 | D        | Found an iron altar of Okawaru.
    58 | D        | Found a stormy altar of Qazlal.
    59 | D        | Found a sacrificial altar of Ru.
    60 | D        | Found a deep blue altar of Sif Muna.
    61 | D        | Found a bloodstained altar of Trog.
    62 | D        | Found a hide-covered altar of Uskayaw.
    63 | D        | Became a worshipper of Makhleb the Destroyer
    64 | D        | Found a radiant altar of Vehumet.
    65 | D        | Found an ornate altar of the Wu Jian Council.
    66 | D        | Found a shimmering altar of Xom.
    67 | D        | Found a basalt altar of Yredelemnul.
    68 | D        | Found a glowing silver altar of Zin.
    69 | D        | Found a glowing golden altar of the Shining One.
   126 | D        | Noticed a phantom
   126 | D        | Noticed an orc warrior
   136 | D        | Slain by an orc warrior

Skill      XL: |  1 |
---------------+----+-----
Fighting       | 4 |  4.3
Long Blades    | 4 |  4.2
Armour         | 5 |  5.3
Shields        | 5 |  5.3

Action                   || total
-------------------------++-------
Melee: Long sword        ||    33
       War axe           ||    10
Armor: Scale mail        ||    14
       Chain mail        ||     1
Dodge: Dodged            ||    12
Block: Shield            ||    15
       Rpst.: Long sword ||     6
